 Dungeon Crawl Stone Soup version 0.30-a0-622-gddc90eaa04 (webtiles) character file.

Game seed: 2792757920732989570

1707 Leeroy the Nimble (level 9, -9/87 HPs)
             Began as a Merfolk Ice Elementalist on Jan 10, 2023.
             Was a Follower of Wu Jian.
             Mangled by an ice beast (14 damage)
             ... on level 7 of the Dungeon.
             The game lasted 00:12:47 (6977 turns).

Leeroy the Nimble (Merfolk Ice Elementalist)        Turns: 6977, Time: 00:12:47

Health: -9/87      AC: 17    Str:  9    XL:     9   Next: 3%
Magic:  0/12       EV: 20    Int: 14    God:    Wu Jian [*.....]
Gold:   254        SH:  5    Dex: 18    Spells: 1/12 levels left

rFire   . . .      SeeInvis .    k - +2 short sword (protect)
rCold   . . .      Faith    .    (no shield)
rNeg    . . .      Spirit   .    a - +0 robe
rPois   +          Reflect  +    (no helmet)
rElec   .          Harm     .    F - +0 cloak
rCorr   .          Rampage  .    (no gloves)
Will    .....                    n - +0 pair of boots
Stlth   x                          - amulet of reflection
HPRegen 0.34/turn                p - ring of poison resistance
MPRegen 0.13/turn                O - ring of wizardry

@: berserking, ice-armoured, under a protective aura, hasted, studying
Translocations, very quick
A: (nimble swimmer 2), mertail
a: Renounce Religion


You were on level 7 of the Dungeon.
You worshipped Wu Jian.
Wu Jian was aware of your devotion.
You visited 2 branches of the dungeon, and saw 8 of its levels.

You collected 254 gold pieces.

Inventory:

Hand Weapons
 k - a +2 short sword of protection (weapon)
 v - a +2 dagger of draining
 w - a +1 heavy flail
 y - a +0 long sword
 G - a +0 rapier
Missiles
 d - 5 poisoned darts
 s - 6 atropa-tipped darts
 t - 5 curare-tipped darts
Armour
 a - a +0 robe (worn)
 n - a +0 pair of boots (worn)
 F - a +0 cloak (worn)
Magical Staves
 l - a staff of poison
Jewellery
 p - a ring of poison resistance (left hand)
 x - an amulet of reflection (around neck)
 O - a ring of wizardry (right hand)
 R - an amulet of the acrobat
Wands
 u - a wand of light (7)
 D - a wand of flame (4)
Scrolls
 e - 2 scrolls of enchant armour {unknown}
 g - a scroll of fear {unknown}
 h - a scroll of acquirement {unknown}
 i - 3 scrolls of teleportation {unknown}
 j - 2 scrolls of noise {unknown}
 m - a scroll of butterflies {unknown}
 q - a scroll of poison {unknown}
 r - a scroll of amnesia {unknown}
 z - a scroll of silence {unknown}
 C - a scroll of vulnerability {unknown}
 H - 7 scrolls of identify {unknown}
 I - a scroll of blinking {unknown}
 J - a scroll of magic mapping {unknown}
 M - a scroll of enchant weapon {unknown}
 P - 2 scrolls of fog {unknown}
 U - a scroll of brand weapon {unknown}
Potions
 b - 2 potions of magic
 c - a potion of invisibility {unknown}
 f - 2 potions of curing {unknown}
 o - a potion of attraction {unknown}
 A - 2 potions of might {unknown}
 B - 2 potions of berserk rage
 E - 2 potions of haste
 K - a potion of degeneration {unknown}
 L - a potion of brilliance {unknown}
 N - a potion of mutation {unknown}
 Q - a potion of resistance {unknown}
 S - a potion of heal wounds {unknown}
 T - 2 potions of flight {unknown}


   Skills:
 + Level 0.3 Fighting
 * Level 6.2 Long Blades
 - Level 12.5 Dodging
 - Level 2.2 Stealth
 - Level 0.5 Shields
 - Level 2.0 Spellcasting
 - Level 0.2 Summonings
 - Level 5.0 Ice Magic


You had one spell level left.
You knew the following spells:

 Your Spells              Type           Power      Damage    Failure   Level
a - Freeze                Ice            60%        1d7       1%          1
b - Frozen Ramparts       Ice            30%        1d5       3%          3
c - Ozocubu's Armour      Ice            15%        N/A       3%          3
d - Summon Ice Beast      Ice/Summ       8%         N/A       32%         4

Your spell library contained the following spells:

 Spells                   Type           Power      Damage    Failure   Level
 Inner Flame              Hex/Fire       1%         N/A       26%         3
 Ice Form                 Ice/Tmut       8%         N/A       32%         4
 Cause Fear               Hex            0%         N/A       65%         4
 Discord                  Hex            0%         N/A       100%        8


Dungeon Overview and Level Annotations

Branches:
Dungeon (7/15)             Temple (1/1) D:4

Altars:
Ashenzari
Cheibriados
Dithmenos
Hepliaklqana
Makhleb
Okawaru
Qazlal
Ru
Wu Jian
Zin
The Shining One

Annotations:
D:2 Robin
D:5 1 runed translucent door, junb's ghost, novice OpTm
D:7 Prince Ribbit
Temple 2 transporters


Innate Abilities, Weirdness & Mutations

((You are very nimble when in or above water. (Stealth+, EV+, Speed+++)))
Your lower body shifts to a powerful aquatic tail in water.


Message History

Aiming: Throw Flame
Press: ? - help, Shift-Dir - straight line, f/p - ice beast
Aim: an ice beast (lightly wounded, 68% to hit)
The puff of flame hits the ice beast but does no damage.
The ice beast is lightly wounded.
Prince Ribbit blinks!
The nameless horror barely misses you. You block the gnoll's attack.
The ice beast barely misses you.
That's the wrong kind of item! (Use * to select it.) Evoke which item? (* to show all) (? for menu, Esc to quit)
Aiming: Throw Flame
Press: ? - help, Shift-Dir - straight line, f/p - ice beast
Aim: an ice beast (lightly wounded, 68% to hit)
The puff of flame hits the ice beast!
The ice beast melts!
The ice beast is heavily wounded.
Prince Ribbit blinks!
The nameless horror barely misses you.
Aiming: Throw Flame
Press: ? - help, Shift-Dir - straight line, f/p - ice beast
Aim: an ice beast (heavily wounded, 68% to hit)
The puff of flame hits the ice beast.
The ice beast melts!
The ice beast is heavily wounded.
The gnoll hits you but does no damage. The ice beast misses you.
You drop a scroll labelled JYN ZIWIZU.
The nameless horror hits you!
* * * LOW HITPOINT WARNING * * *
You block the gnoll's attack. The ice beast closely misses you.
Okay, then.
No item to drop.
Unknown command.
It was a potion of berserk rage.
A red film seems to cover your vision as you go berserk!
You feel yourself moving faster!
You feel mighty! Prince Ribbit completely misses you.
The nameless horror hits you but does no damage.
The gnoll misses you.
You hit the nameless horror.
Your weapon exudes an aura of protection.
The nameless horror is lightly damaged.
Prince Ribbit completely misses you. The ice beast hits you.
* * * LOW HITPOINT WARNING * * *
The ice beast freezes you!
You die...

#/.....# #...... #......#
#...... #§.....# #.....)
######.#....#######.....†
.......#.................
.......#.................
......g$##.#.............
.......FY#.#.............
.......#@..#.............
....g..##X.#.............
.....g. ##...............
.....g. #.#.............
....... #.............#.
####### ######...####...
###.).##..# ###.##..#
#.......


You could see a nameless horror, Prince Ribbit, an ice beast and a gnoll.

Vanquished Creatures
  Edmund (D:6)
  A black bear (D:5)
  2 ogres
  2 centaurs (D:5)
  A bullfrog (D:7)
  A scorpion (D:5)
  A gnoll sergeant (D:5)
  2 necrophages
  A howler monkey (D:6)
  6 jellies
  5 hounds (D:4)
  An orc priest (D:4)
  2 gnoll boudas (D:7)
  Jessica (D:3)
  4 iguanas
  10 gnolls
  6 adders
  2 ufetubi (D:4)
  A worm (D:2)
  A dart slug (D:4)
  9 orcs
  4 ball pythons
  A bat (D:2)
  3 endoplasms
  A giant cockroach (D:2)
  8 goblins
  10 hobgoblins
  4 jackals
  4 quokkas
  4 frilled lizards
  5 kobolds
  6 rats
110 creatures vanquished.

Vanquished Creatures (collateral kills)
  An orc priest (D:7)
  2 gnolls (D:7)
3 creatures vanquished.

Grand Total: 113 creatures vanquished

Notes
Turn   | Place    | Note
-------+----------+-------------------------------------------
     0 | D:1      | Leeroy the Merfolk Ice Elementalist began the quest for the
                  | Orb.
     0 | D:1      | Reached XP level 1. HP: 13/13 MP: 3/3
   191 | D:1      | Reached XP level 2. HP: 19/19 MP: 5/5
   519 | D:1      | Reached skill level 5 in Ice Magic
   687 | D:1      | Reached skill level 3 in Dodging
  1348 | D:2      | Reached XP level 3. HP: 17/24 MP: 2/6
  1455 | D:2      | Reached skill level 4 in Dodging
  1675 | D:2      | Reached XP level 4. HP: 27/30 MP: 7/7
  1711 | D:2      | Noticed Robin
  2107 | D:3      | Noticed Jessica
  2139 | D:3      | Learned a level 3 spell: Frozen Ramparts
  2143 | D:3      | Learned a level 3 spell: Ozocubu's Armour
  2173 | D:3      | Killed Jessica
  2174 | D:3      | Reached skill level 5 in Dodging
  2736 | D:4      | Reached skill level 1 in Long Blades
  2736 | D:4      | Reached XP level 5. HP: 25/35 MP: 8/8
  2895 | D:4      | Reached skill level 6 in Dodging
  2986 | D:4      | Found a staircase to the Ecumenical Temple.
  3006 | Temple   | Entered the Ecumenical Temple
  3006 | Temple   | Found a transporter.
  3006 | Temple   | Found a transporter.
  3008 | Temple   | Found a transporter.
  3008 | Temple   | Found a transporter.
  3031 | Temple   | Became a worshipper of the Wu Jian Council
  3092 | D:4      | Reached XP level 6. HP: 36/41 MP: 9/9
  3240 | D:4      | Reached skill level 7 in Dodging
  3937 | D:5      | Entered Level 5 of the Dungeon
  4080 | D:4      | Reached skill level 8 in Dodging
  4080 | D:4      | Reached XP level 7. HP: 25/46 MP: 3/10
  4494 | D:5      | Reached * piety under Wu Jian
  4499 | D:5      | Reached skill level 9 in Dodging
  4700 | D:5      | Reached skill level 10 in Dodging
  4700 | D:5      | Reached XP level 8. HP: 22/52 MP: 2/11
  5139 | D:5      | Found a runed translucent door.
  5141 | D:5      | Noticed junb's ghost (novice OpTm)
  5317 | D:6      | Reached skill level 5 in Long Blades
  5379 | D:6      | Reached skill level 11 in Dodging
  5761 | D:6      | Found a broken altar of Ashenzari.
  5761 | D:6      | Noticed Edmund
  5803 | D:6      | Killed Edmund
  6073 | D:6      | Learned a level 4 spell: Summon Ice Beast
  6676 | D:7      | Reached skill level 12 in Dodging
  6916 | D:7      | Noticed Prince Ribbit
  6938 | D:7      | Noticed a nameless horror
  6953 | D:7      | Reached XP level 9. HP: 23/57 MP: 9/12
  6977 | D:7      | Mangled by an ice beast

Illustrated notes

Levels and vault maps discovered:
D:1:      dpeg_arrival_morbid_curiosity, layout_basic
D:2:      layout_loops_cross, basic_altar, minmay_pentomino_s4, uniq_robin
D:3:      layout_loops_ring, kennysheep_cluttered_room, corner_web_ring,
          fountainhead, kennysheep_donut, nicolae_elevator_lobby_plus,
          uniq_jessica
D:4:      layout_basic, minmay_temple_entry_mini_moons,
          kennysheep_generic_room_7
D:5:      layout_cave_pools, ebering_ghost_reflecting_pool,
          serial_park_tiny_pond, minmay_manual_mares
D:6:      layout_rooms, mainiacjoe_overflow_24_doors, uniq_edmund
D:7:      layout_basic, minitemple, mainiacjoe_overflow_two_lobes,
          uniq_prince_ribbit1
Temple:   hellmonk_temple_divided_pantheon

Skill      XL: |  1  2  3  4  5  6  7  8  9 |
---------------+----------------------------+-----
Ice Magic      | 5 |  5.0
Dodging        | 3 4 5 6 8 10 12 | 12.5
Long Blades    | 1 2 3 4 5 6 |  6.2
Fighting       | |  0.3
Stealth        | |  2.2
Shields        | |  0.5
Spellcasting   | |  2.0
Summonings     | |  0.2

Action                   |  1- 3 |  4- 6 |  7- 9 || total
-------------------------+-------+-------+-------++-------
Melee: Unarmed           |    38 |       |       ||    38
       Short sword       |    65 |   134 |   288 ||   487
       Punch             |       |     3 |     3 ||     6
 Cast: Freeze            |    24 |     8 |     3 ||    35
       Frozen Ramparts   |       |     4 |    14 ||    18
       Ozocubu's Armour  |       |     2 |    10 ||    12
       Summon Ice Beast  |       |       |     2 ||     2
Invok: Lunge             |       |     1 |     8 ||     9
       Whirlwind         |       |       |     1 ||     1
Evoke: Wand              |       |       |    10 ||    10
  Use: Potion            |       |       |     3 ||     3
 Stab: Sleeping          |     5 |     5 |     3 ||    13
       Distracted        |       |     1 |       ||     1
       Invisible         |       |       |     1 ||     1
Armor: Robe              |    29 |    59 |    61 ||   149
Dodge: Dodged            |    82 |   163 |   265 ||   510
Block: Other             |       |       |    27 ||    27

Table legend: (Time is in decaauts)
 A = Elapsed time spent in this place.
 B = Non-inter-level travel time spent in this place.
 C = Inter-level travel time spent in this place.
 D = Time resting spent in this place.
 E = Time spent auto-exploring this place.
 F = Levels seen in this place.
 G = Mean time per level.
                   A        B        C        D        E       F      G
               +--------+--------+--------+--------+--------+-----+--------+
         Total |   6920 |   6468 |    452 |    585 |   4629 |   8 |  865.0 |
       Dungeon |   6879 |   6436 |    443 |    585 |   4623 |   7 |  982.7 |
        Temple |     40 |     31 |      9 |      0 |      6 |   1 |   40.0 |
               +--------+--------+--------+--------+--------+-----+--------+

Top non-repeatable levels by time:
     D:4: 1658 daAuts
     D:1: 1332 daAuts
     D:6: 1190 daAuts
     D:5: 923 daAuts
     D:3: 914 daAuts
     D:7: 461 daAuts
     D:2: 398 daAuts
  Temple: 40 daAuts
